[Event "Titled Tuesday Blitz March 07 Early 2023"]
[White "Gheorghiu, Calin"]
[Black "Rosh Jain"]
[WhiteFideId "1200305"]
[BlackFideId "25789465"]
[WhiteElo "2223"]
[BlackElo "2233"]
[Result "1-0"]
[Round "10"]
[TimeControl "180+2"]
[Date "2023.03.07"]
[WhiteClock "0:00:38"]
[BlackClock "0:00:08"]

1. e4 c5 2. Nf3 d6 3. Bb5+ Nd7 4. O-O Nf6 5. Re1 a6 6. Bf1 g6 7. a4 Bg7 8. c3 O-O 9. d4 cxd4 10. cxd4 e5 11. d5 Nc5 12. Nc3 a5 13. Nd2 Bg4 14. f3 Bd7 15. Nc4 Nh5 16. Nxd6 Bxa4 17. Nxa4 Qxd6 18. Nxc5 Qxc5+ 19. Be3 Qd6 20. Qb3 f5 21. Rac1 Qd7 22. Rc7 Qxc7 23. d6+ Qf7 24. Bc4 fxe4 25. fxe4 Rad8 26. Bc5 Nf4 27. d7 a4 28. Qa2 Rxd7 29. Bxf8 Ne2+ 30. Kh1 Kxf8 31. Bxf7 Rxf7 32. Qe6 Nd4 33. Qc8+ Ke7 34. Qxb7+ Ke8 35. Qb8+ Ke7 36. Rc1 Ne6 37. Qb4+ Kf6 38. Rf1+ Nf4 39. g3 Kg5 40. Qxa4 Bf8 41. gxf4+ exf4 42. Qe8 Rf6 43. e5 Rf5 44. e6 f3 45. e7 Bxe7 46. Qxe7+ Kg4 47. b4 f2 48. Qe2+ Kg5 49. Rxf2 Rd5 50. Qe3+ Kg4 51. Qe4+ Kh3 52. Rf3# 1-0


[Site "https://www.chess.com"]

[Event "Titled Tuesday Blitz March 07 Early 2023"]
[White "Markus, Robert"]
[Black "babbilator"]
[WhiteFideId "921637"]
[WhiteElo "2623"]
[BlackElo "2215"]
[Result "1-0"]
[Round "10"]
[TimeControl "180+2"]
[Date "2023.03.07"]
[WhiteClock "0:00:21"]
[BlackClock "0:00:07"]

1. e4 c5 2. Nf3 e6 3. d4 cxd4 4. Nxd4 Nc6 5. Nc3 Qc7 6. a3 a6 7. Be3 Nf6 8. Be2 d6 9. O-O Be7 10. f4 O-O 11. Nxc6 bxc6 12. Bf3 d5 13. e5 Nd7 14. Ne2 Rb8 15. b4 a5 16. c3 c5 17. Rc1 Ba6 18. Qa4 Bc4 19. Rfd1 axb4 20. axb4 cxb4 21. cxb4 Rxb4 22. Qa3 Nb6 23. Qa5 Qc6 24. Nd4 Qa4 25. Qxa4 Rxa4 26. Nc6 Ba3 27. Bxb6 Bxc1 28. Rxc1 Ra6 29. Ne7+ Kh8 30. Bc5 Rb8 31. Bd6 Rb2 32. f5 g6 33. f6 Raa2 34. h4 h5 35. Kh2 Kh7 36. Kg3 Ra3 37. Kf4 Rbb3 38. Bxa3 1-0


[Site "https://www.chess.com"]

[Event "Titled Tuesday Blitz March 07 Early 2023"]
[White "Bas Mas, Jose Joaquin"]
[Black "Ardila, Oscar Humberto"]
[WhiteFideId "22219064"]
[BlackFideId "4404742"]
[WhiteElo "2233"]
[BlackElo "1911"]
[Result "0-1"]
[Round "10"]
[TimeControl "180+2"]
[Date "2023.03.07"]
[WhiteClock "0:02:28"]
[BlackClock "0:02:08"]

1. e4 e5 2. Bc4 Nf6 3. d3 Bc5 4. Nc3 Nc6 5. h3 h6 6. Qf3 d6 7. Nge2 Qe7 8. Be3 Nd4 9. Bxd4 exd4 10. Nd5 Nxd5 11. Bxd5 O-O 12. O-O-O c6 13. Bb3 a5 14. Nf4 a4 0-1


[Site "https://www.chess.com"]

[Event "Titled Tuesday Blitz March 07 Early 2023"]
[White "Lauridsen, Jesper Morch"]
[Black "Djokovic, Nebojsa"]
[WhiteFideId "1401890"]
[BlackFideId "938300"]
[WhiteElo "2292"]
[BlackElo "2548"]
[Result "0-1"]
[Round "10"]
[TimeControl "180+2"]
[Date "2023.03.07"]
[WhiteClock "0:00:19"]
[BlackClock "0:02:27"]

1. e4 c5 2. Nf3 d6 3. b3 Nf6 4. Nc3 g6 5. Bb2 Bg7 6. e5 dxe5 7. Bb5+ Nbd7 8. Nxe5 O-O 9. Qe2 a6 10. Bc4 b5 11. Nc6 Qc7 12. Nxe7+ Kh8 13. Ncd5 Qd6 14. Nxf6 Bxf6 15. Nxc8 Raxc8 16. Bxf6+ Qxf6 17. O-O bxc4 18. Qxc4 Ne5 19. Qc3 Kg7 20. Rfe1 Ng4 21. Re7 Qxc3 22. dxc3 Rfd8 23. Rae1 Rd2 24. f3 Nf6 25. Ra7 Nd5 26. Rxa6 Rxc2 27. c4 Nf4 28. g3 Nh3+ 29. Kh1 Rd8 0-1


[Site "https://www.chess.com"]

[Event "Titled Tuesday Blitz March 07 Early 2023"]
[White "Clawitter, Craig"]
[Black "UNSTOPPABLE_LEGEND"]
[WhiteFideId "2023105"]
[WhiteElo "2283"]
[BlackElo "2472"]
[Result "0-1"]
[Round "10"]
[TimeControl "180+2"]
[Date "2023.03.07"]
[WhiteClock "0:02:22"]
[BlackClock "0:02:48"]

1. e4 e6 2. d4 d5 3. e5 c5 4. c3 Nc6 5. Nf3 Bd7 6. Be2 Nge7 7. O-O Ng6 8. g3 Be7 9. h4 O-O 10. h5 Nh8 11. h6 g6 12. Kg2 f6 13. exf6 Bxf6 14. dxc5 Nf7 15. Na3 a6 16. Nc2 e5 17. Qxd5 Bh3+ 0-1


[Site "https://www.chess.com"]

[Event "Titled Tuesday Blitz March 07 Early 2023"]
[White "Balla, Tamas-Kristof"]
[Black "Abrosimov, Vladimir"]
[WhiteFideId "1208497"]
[BlackFideId "4166892"]
[WhiteElo "2334"]
[BlackElo "2336"]
[Result "1-0"]
[Round "10"]
[TimeControl "180+2"]
[Date "2023.03.07"]
[WhiteClock "0:01:16"]
[BlackClock "0:00:48"]

1. e4 c5 2. Nf3 d6 3. d4 cxd4 4. Qxd4 Nc6 5. Qe3 Nf6 6. c4 e6 7. Nc3 Be7 8. Be2 O-O 9. O-O a6 10. b3 Qc7 11. Bb2 Rd8 12. Rac1 d5 13. cxd5 exd5 14. exd5 Nxd5 15. Nxd5 Rxd5 16. Bc4 Rd8 17. Ng5 Bxg5 18. Qxg5 Nd4 19. Bxf7+ Qxf7 20. Qxd8+ Qf8 21. Qxd4 Be6 22. Rc7 Bf7 23. Rfc1 Rd8 24. Qg4 g6 25. Rc8 Re8 26. Rxe8 Bxe8 27. Qd4 Qf5 28. Qg7# 1-0


[Site "https://www.chess.com"]

[Event "Titled Tuesday Blitz March 07 Early 2023"]
[White "Wilson, Elvin"]
[Black "Liu, Yi"]
[WhiteFideId "2014874"]
[BlackFideId "3210588"]
[WhiteElo "2272"]
[BlackElo "2264"]
[Result "1-0"]
[Round "10"]
[TimeControl "180+2"]
[Date "2023.03.07"]
[WhiteClock "0:00:14"]
[BlackClock "0:00:01"]

1. c4 e5 2. Nc3 Nf6 3. g3 c6 4. Nf3 e4 5. Nd4 d5 6. cxd5 cxd5 7. d3 Bc5 8. Nb3 Bb4 9. a3 Bxc3+ 10. bxc3 O-O 11. Bg2 Be6 12. Nd4 Bd7 13. Rb1 Qc7 14. Bd2 Nc6 15. Nb5 Qc8 16. Nd6 Qc7 17. Nxb7 Rab8 18. Nc5 Rfe8 19. O-O Bf5 20. Rxb8 Qxb8 21. d4 Qb2 22. Qc1 Qxc1 23. Rxc1 Rb8 24. f3 Na5 25. g4 Bg6 26. g5 exf3 27. Bxf3 Ne8 28. Bxd5 Nd6 29. Bf4 Rd8 30. Bxd6 Rxd6 31. e4 h6 32. gxh6 gxh6 33. Rb1 Nc6 34. Rb7 1-0


[Site "https://www.chess.com"]

[Event "Titled Tuesday Blitz March 07 Early 2023"]
[White "Andrews, Todd"]
[Black "laurynaszaveckis"]
[WhiteFideId "2012456"]
[WhiteElo "2376"]
[BlackElo "2268"]
[Result "1-0"]
[Round "10"]
[TimeControl "180+2"]
[Date "2023.03.07"]
[WhiteClock "0:02:07"]
[BlackClock "0:00:06"]

1. e4 d6 2. d4 Nf6 3. Nc3 Nbd7 4. f4 c6 5. Nf3 g6 6. Bc4 Bg7 7. e5 Ng4 8. Bxf7+ Kxf7 9. Ng5+ Kg8 10. Ne6 Qb6 11. Nxg7 Kxg7 12. Qxg4 dxe5 13. Qe6 1-0


[Site "https://www.chess.com"]

[Event "Titled Tuesday Blitz March 07 Early 2023"]
[White "Vargas Rodriguez, Wilver"]
[Black "Smith, Garrett L"]
[WhiteFideId "3509672"]
[BlackFideId "2024829"]
[WhiteElo "2238"]
[BlackElo "2267"]
[Result "0-1"]
[Round "10"]
[TimeControl "180+2"]
[Date "2023.03.07"]
[WhiteClock "0:00:02"]
[BlackClock "0:00:27"]

1. e4 c5 2. Nf3 Nc6 3. d3 e5 4. g3 Nf6 5. Bg2 d6 6. O-O Be7 7. h3 h6 8. Nbd2 O-O 9. Nh2 d5 10. exd5 Nxd5 11. Re1 Re8 12. Ng4 Bf8 13. Nc4 f6 14. Qf3 Be6 15. Be3 Qd7 16. Qe2 Nd4 17. Qd2 Rad8 18. c3 Nc6 19. Rad1 Bxg4 20. hxg4 Qxg4 21. Kh2 f5 22. f3 Qh5+ 23. Bh3 f4 24. gxf4 exf4 25. Bf2 Qxf3 26. Rg1 Re2 27. Rg2 Rxd2 28. Rxd2 Qh5 0-1


[Site "https://www.chess.com"]

[Event "Titled Tuesday Blitz March 07 Early 2023"]
[White "Torres Dominguez, David"]
[Black "Rios Escobar, Adan"]
[WhiteFideId "2220857"]
[BlackFideId "3403645"]
[WhiteElo "1999"]
[BlackElo "2367"]
[Result "0-1"]
[Round "10"]
[TimeControl "180+2"]
[Date "2023.03.07"]
[WhiteClock "0:00:26"]
[BlackClock "0:01:46"]

1. e4 c5 2. Nc3 d6 3. Bb5+ Bd7 4. Bxd7+ Qxd7 5. d3 g6 6. f4 Bg7 7. Nf3 Nc6 8. O-O e6 9. a4 Nge7 10. Qe1 h6 11. f5 gxf5 12. Bd2 fxe4 13. dxe4 Ng6 14. Kh1 O-O-O 15. a5 Rhg8 16. a6 b6 17. Nb5 Kb8 18. Bc3 Nce5 19. Nxe5 Bxe5 20. Qe2 Nf4 21. Rxf4 Bxf4 22. Rf1 Be5 23. Bxe5 dxe5 24. c4 Rg7 25. Qf2 Qd2 26. h3 Qxf2 27. Rxf2 Rd1+ 28. Kh2 h5 29. h4 Rd7 30. b3 Rg4 31. g3 Rxe4 32. Rf6 Re2+ 33. Kh3 Rdd2 34. g4 Rd3+ 0-1


[Site "https://www.chess.com"]

[Event "Titled Tuesday Blitz March 07 Early 2023"]
[White "Valle Maytin, Luis Enrique"]
[Black "Kohler, Aran"]
[WhiteFideId "3503666"]
[BlackFideId "1002856"]
[WhiteElo "2225"]
[BlackElo "2248"]
[Result "1-0"]
[Round "10"]
[TimeControl "180+2"]
[Date "2023.03.07"]
[WhiteClock "0:00:40"]
[BlackClock "0:00:32"]

1. e4 c6 2. d4 d5 3. e5 c5 4. dxc5 e6 5. a3 Bxc5 6. b4 Bb6 7. Nf3 Ne7 8. Bd3 Ng6 9. O-O Nc6 10. Bb2 O-O 11. Re1 Bd7 12. Nbd2 Rc8 13. c4 d4 14. c5 Bc7 15. Nc4 Be8 16. Nd6 Bxd6 17. exd6 e5 18. Bxg6 hxg6 19. Nxe5 Nxe5 20. Rxe5 Bc6 21. Qxd4 f6 22. Re7 Rf7 23. Rae1 Qf8 24. h3 Rd8 25. Qc4 Re8 26. b5 Bxb5 27. Qxb5 Rexe7 28. dxe7 Rxe7 29. Qb3+ Kh7 30. Rxe7 Qxe7 31. Bd4 Qe1+ 32. Kh2 Qe4 33. Qe3 Qd5 34. c6 bxc6 35. Bxa7 Qd6+ 36. g3 g5 37. Bc5 Qd5 38. a4 Qa2 39. Qe4+ Kh6 40. Qxc6 Qc2 41. a5 1-0


[Site "https://www.chess.com"]

[Event "Titled Tuesday Blitz March 07 Early 2023"]
[White "Valgmae, Toomas"]
[Black "Tagliati, Eleonore"]
[WhiteFideId "4502523"]
[BlackFideId "45172234"]
[WhiteElo "2170"]
[BlackElo "2229"]
[Result "1-0"]
[Round "10"]
[TimeControl "180+2"]
[Date "2023.03.07"]
[WhiteClock "0:01:37"]
[BlackClock "0:00:47"]

1. d4 d5 2. c4 c6 3. Nf3 Nf6 4. Nc3 e6 5. Bg5 dxc4 6. e4 b5 7. Be2 h6 8. Bh4 Nbd7 9. O-O Be7 10. e5 Nd5 11. Bxe7 Qxe7 12. Ne4 O-O 13. a4 Bb7 14. Nd6 N7b6 15. axb5 cxb5 16. Nxb5 Bc6 17. Nd6 Rfd8 18. Qd2 Nc8 19. Nxc4 Bb5 20. b3 Nc7 21. Rfd1 a6 22. Bd3 Bc6 23. Qe2 Nd5 24. g3 Nc3 25. Qe3 Nxd1 26. Rxd1 Bd5 27. Nfd2 Rb8 28. Bc2 Qb4 29. Qd3 g6 30. h4 h5 31. Ne4 Bxe4 32. Qxe4 Nb6 33. Nd6 Nd5 34. Nxf7 Kxf7 35. Qxg6+ Ke7 36. Qg7+ Ke8 37. Bg6# 1-0


[Site "https://www.chess.com"]

[Event "Titled Tuesday Blitz March 07 Early 2023"]
[White "Grabinsky, Vladimir"]
[Black "Prudnykova, Olga"]
[WhiteFideId "14107074"]
[BlackFideId "14121093"]
[WhiteElo "2027"]
[BlackElo "2113"]
[Result "0-1"]
[Round "10"]
[TimeControl "180+2"]
[Date "2023.03.07"]
[WhiteClock "0:00:01"]
[BlackClock "0:00:53"]

1. e4 c5 2. b4 e6 3. bxc5 Bxc5 4. d4 Be7 5. Bd3 d6 6. f4 Nf6 7. Nf3 b6 8. O-O Bb7 9. Qe2 O-O 10. e5 Nfd7 11. Nbd2 Qc7 12. Ne4 Bxe4 13. Qxe4 g6 14. Qxa8 Nc6 15. Qxf8+ Bxf8 16. c3 Na5 17. Ba3 d5 18. Bxf8 Kxf8 19. Rfc1 Nc4 20. Bxc4 Qxc4 21. a4 a6 22. Ra3 h5 23. Rb1 Qd3 24. Re1 Kg7 25. h3 Qc4 26. Kh2 Kf8 27. Rb1 Qd3 28. Re1 Kg7 29. Rb3 Qc2 30. Ra3 Kf8 31. Kg3 Ke7 32. Rea1 Kf8 33. h4 Kg7 34. Re1 Qf5 35. Kf2 Qxf4 36. g3 Qf5 37. Re2 Qd3 38. Re3 Qc4 39. Ra1 f6 40. exf6+ Nxf6 41. Ne5 Ne4+ 42. Rxe4 Qxc3 43. Re3 Qxa1 44. Nf3 Qxa4 45. Rxe6 Qc2+ 46. Re2 Qc3 47. Re7+ Kf6 0-1


[Site "https://www.chess.com"]

[Event "Titled Tuesday Blitz March 07 Early 2023"]
[White "Thomas, Anysia"]
[Black "Mushini Ajay"]
[WhiteFideId "670472"]
[BlackFideId "35066188"]
[WhiteElo "2091"]
[BlackElo "2145"]
[Result "0-1"]
[Round "10"]
[TimeControl "180+2"]
[Date "2023.03.07"]
[WhiteClock "0:00:06"]
[BlackClock "0:01:07"]

1. d4 d5 2. c4 e6 3. Nf3 Nf6 4. g3 dxc4 5. Bg2 Nc6 6. O-O Be7 7. e3 O-O 8. Qe2 Na5 9. Ne5 c5 10. dxc5 Qc7 11. Nxc4 Qxc5 12. Nxa5 Qxa5 13. Nc3 Bd7 14. Bxb7 Rab8 15. Bg2 Rfc8 16. e4 e5 17. Bg5 h6 18. Bxf6 Bxf6 19. Nd5 Bb5 20. Qg4 Bxf1 21. Nxf6+ Kh8 22. Qf5 g6 23. Qh3 Kg7 24. Nd7 Bxg2 25. Kxg2 Rxb2 26. Rd1 Rcc2 27. Rf1 Qxa2 28. Nxe5 Rxf2+ 29. Kg1 Rxf1+ 30. Qxf1 Rb1 0-1


[Site "https://www.chess.com"]

[Event "Titled Tuesday Blitz March 07 Early 2023"]
[White "Fernandez Siles, Luis"]
[Black "Gamage, Wanshini Vidusama"]
[WhiteFideId "2209420"]
[BlackFideId "9953752"]
[WhiteElo "2186"]
[BlackElo "2191"]
[Result "1-0"]
[Round "10"]
[TimeControl "180+2"]
[Date "2023.03.07"]
[WhiteClock "0:01:01"]
[BlackClock "0:01:30"]

1. d4 Nf6 2. c4 g6 3. Nc3 d5 4. cxd5 Nxd5 5. Bd2 Bg7 6. e4 Nxc3 7. Bxc3 O-O 8. Qd2 Nd7 9. h4 h5 10. Nh3 c5 11. d5 Ne5 12. Ng5 e6 13. d6 c4 14. f4 Nd3+ 15. Bxd3 cxd3 16. Qxd3 Bxc3+ 17. bxc3 e5 18. f5 f6 19. Ne6 Bxe6 20. fxe6 Qb6 21. e7 Rfe8 22. Rb1 Qa5 23. Rxb7 Qxa2 24. O-O Qe6 25. d7 1-0


[Site "https://www.chess.com"]

[Event "Titled Tuesday Blitz March 07 Early 2023"]
[White "Hrabinska, Myroslava"]
[Black "lisjakzlatko1"]
[WhiteFideId "14109190"]
[WhiteElo "2039"]
[BlackElo "2187"]
[Result "0-1"]
[Round "10"]
[TimeControl "180+2"]
[Date "2023.03.07"]
[WhiteClock "0:00:57"]
[BlackClock "0:00:48"]

1. e4 d6 2. d4 Nf6 3. Nc3 c6 4. Bg5 Nbd7 5. Qd2 Qa5 6. f4 e5 7. Nf3 Be7 8. fxe5 dxe5 9. d5 O-O 10. d6 Bd8 11. O-O-O b5 12. Bxf6 Bxf6 13. Kb1 b4 14. Ne2 Nc5 15. Ng3 Be6 16. a3 Rab8 17. Nf5 Nxe4 18. Qe1 Nc3+ 19. Kc1 Nxd1 20. Ne7+ Kh8 21. Kxd1 Rfd8 22. Kc1 Rxd6 0-1


[Site "https://www.chess.com"]

[Event "Titled Tuesday Blitz March 07 Early 2023"]
[White "Dishman, Stephen"]
[Black "Aanan, Shafiuddin"]
[WhiteFideId "403024"]
[BlackFideId "3242633"]
[WhiteElo "2204"]
[BlackElo "1648"]
[Result "1-0"]
[Round "10"]
[TimeControl "180+2"]
[Date "2023.03.07"]
[WhiteClock "0:00:50"]
[BlackClock "0:00:05"]

1. d4 Nf6 2. Bg5 c5 3. d5 b5 4. Bxf6 exf6 5. e3 Qb6 6. Nd2 d6 7. a4 b4 8. Nc4 Qc7 9. Ne2 g6 10. Nf4 a5 11. Qf3 f5 12. Qg3 Nd7 13. Be2 Nf6 14. f3 Bg7 15. h4 Bb7 16. Rd1 O-O-O 17. h5 Bh6 18. Kf2 g5 19. Nh3 Nxd5 20. Rd2 Kb8 21. Rhd1 f4 22. exf4 Nxf4 23. Nxf4 gxf4 24. Qh4 d5 25. Qf6 Qc6 26. Qe5+ Ka7 27. Nxa5 Qe6 28. Qc7 Qe3+ 29. Kf1 Rb8 30. Nc6+ Ka8 31. Qa5+ 1-0


[Site "https://www.chess.com"]

[Event "Titled Tuesday Blitz March 07 Early 2023"]
[White "Melikhov, Evgeny V."]
[Black "Kho, Darrell"]
[WhiteFideId "4122046"]
[BlackFideId "1019317"]
[WhiteElo "2158"]
[BlackElo "2178"]
[Result "1/2-1/2"]
[Round "10"]
[TimeControl "180+2"]
[Date "2023.03.07"]
[WhiteClock "0:00:02"]
[BlackClock "0:00:03"]

1. d4 d5 2. c4 dxc4 3. Nf3 Nf6 4. e3 e6 5. Bxc4 a6 6. a4 c5 7. O-O Nc6 8. Qe2 cxd4 9. Rd1 Be7 10. exd4 O-O 11. Nc3 Nb4 12. Bg5 Bd7 13. d5 Nbxd5 14. Nxd5 exd5 15. Bxd5 Nxd5 16. Rxd5 Bxg5 17. Rxg5 Bc6 18. Qe5 f6 19. Qe6+ Kh8 20. Rg3 Qd7 21. Qxd7 Bxd7 22. a5 Rac8 23. Nd4 Rc4 24. Rd1 Rb4 25. b3 Rc8 26. h4 h5 27. Re3 Kh7 28. Re7 Bg4 29. f3 Rd8 30. fxg4 Rdxd4 31. Rxd4 Rxd4 32. gxh5 Rb4 33. Re3 Rxh4 34. Kf2 Rb4 35. Kf3 Rb5 36. g4 Rxa5 37. Rc3 Rb5 38. Kf4 Rb4+ 39. Kf5 Rb5+ 40. Kf4 a5 41. Rd3 Kh6 42. Rc3 g6 43. hxg6 Kxg6 44. Rd3 Rb4+ 45. Kf3 Kg5 46. Rd5+ Kg6 47. Rd3 b5 48. Rc3 a4 49. bxa4 bxa4 50. Rc5 a3 51. Ra5 Rb3+ 52. Kf4 Rc3 53. Ra6 Rb3 54. Ra5 Rb4+ 55. Kf3 Rb3+ 56. Kf4 1/2-1/2


[Site "https://www.chess.com"]

[Event "Titled Tuesday Blitz March 07 Early 2023"]
[White "Mikhaylova, Irina"]
[Black "Kriti Mayur Patel"]
[WhiteFideId "4109040"]
[BlackFideId "35061780"]
[WhiteElo "1966"]
[BlackElo "1306"]
[Result "1-0"]
[Round "10"]
[TimeControl "180+2"]
[Date "2023.03.07"]
[WhiteClock "0:00:19"]
[BlackClock "0:00:51"]

1. d4 d5 2. Nf3 Nf6 3. c4 e6 4. Qc2 Be7 5. Bg5 O-O 6. e3 h6 7. Bh4 Ne4 8. Bxe7 Qxe7 9. Bd3 f5 10. Nc3 Nc6 11. a3 Nxc3 12. Qxc3 Kh8 13. O-O Bd7 14. b4 a6 15. b5 axb5 16. cxb5 Na5 17. Ne5 Be8 18. Qb4 Qg5 19. Qxf8+ Kh7 20. f4 Qh5 21. Rac1 Nb3 22. Rxc7 Bf7 23. Qxf7 Qxf7 24. Nxf7 Rxa3 25. Rc3 Nd2 26. Rxa3 Nxf1 27. Kxf1 Kg6 28. Ra7 Kxf7 29. Rxb7+ Kg6 30. b6 e5 31. fxe5 Kh5 32. Rxg7 f4 33. Be2+ Kh4 34. g3+ fxg3 35. hxg3+ Kh3 36. b7 h5 37. b8=Q h4 38. Qc8+ Kh2 39. gxh4 Kh1 40. Rg1+ Kh2 41. Rg2+ Kh1 42. Qh3# 1-0


[Site "https://www.chess.com"]

[Event "Titled Tuesday Blitz March 07 Early 2023"]
[White "Buscar, Michael"]
[Black "Bongo Akanga Ndjila, Barthelemy"]
[WhiteFideId "2603616"]
[BlackFideId "10609431"]
[WhiteElo "2010"]
[BlackElo "1768"]
[Result "0-1"]
[Round "10"]
[TimeControl "180+2"]
[Date "2023.03.07"]
[WhiteClock "0:00:06"]
[BlackClock "0:00:07"]

1. d4 d5 2. c4 e6 3. Nc3 a6 4. cxd5 exd5 5. g3 Nf6 6. Nf3 Be6 7. Bg2 Bd6 8. O-O Nbd7 9. Bg5 c6 10. Rb1 O-O 11. b4 b5 12. a4 Nb6 13. Ne5 Rc8 14. a5 Nc4 15. Nxc4 bxc4 16. e4 Be7 17. exd5 cxd5 18. Qa4 Rb8 19. Rfe1 Re8 20. Bf4 Rb7 21. b5 Bd7 22. bxa6 Rxb1 23. Rxb1 Bxa4 24. a7 Qxa5 25. Bb8 Bb3 26. g4 h6 27. h4 Nd7 28. Nxd5 Nxb8 29. Nxe7+ Kf8 30. axb8=Q Rxb8 31. Nc6 Qa2 32. Re1 Re8 33. Rc1 Re2 34. Rf1 c3 35. Nb4 Qa3 36. Nd3 Bc4 37. Nc1 Rc2 38. Re1 Rxc1 0-1


[Site "https://www.chess.com"]

[Event "Titled Tuesday Blitz March 07 Early 2023"]
[White "Rodchenkov, Sergey D."]
[Black "Zaichenko, Daria"]
[WhiteFideId "4168712"]
[BlackFideId "4197453"]
[WhiteElo "2277"]
[BlackElo "2039"]
[Result "1-0"]
[Round "10"]
[TimeControl "180+2"]
[Date "2023.03.07"]
[WhiteClock "0:00:27"]
[BlackClock "0:00:10"]

1. e4 c5 2. Nf3 Nc6 3. d4 cxd4 4. Nxd4 Nf6 5. Nc3 d6 6. Bg5 e6 7. Qd2 a6 8. O-O-O Bd7 9. f4 Be7 10. Nf3 b5 11. e5 dxe5 12. fxe5 Ng4 13. Bxe7 Qxe7 14. Ne4 Ngxe5 15. Nd6+ Kf8 16. Be2 Rd8 17. Rhf1 f6 18. Qf4 Ng6 19. Qe3 e5 20. Qc5 Nf4 21. Rfe1 Nxg2 22. Rg1 Nf4 23. Bf1 e4 24. Nd4 Nxd4 25. Qxd4 Bc6 26. Qc5 Ba8 27. Rxg7 Ne6 28. Rxe7 Nxc5 29. Rf7+ Kg8 30. Bc4 bxc4 31. Rg1# 1-0


[Site "https://www.chess.com"]

[Event "Titled Tuesday Blitz March 07 Early 2023"]
[White "De Souza, Cristiano Gomes"]
[Black "Sarkar, Justin"]
[WhiteFideId "2151758"]
[BlackFideId "2010011"]
[WhiteElo "2068"]
[BlackElo "2189"]
[Result "0-1"]
[Round "10"]
[TimeControl "180+2"]
[Date "2023.03.07"]
[WhiteClock "0:01:38"]
[BlackClock "0:00:04"]

1. d4 Nf6 2. c4 g6 3. Nf3 Bg7 4. Nc3 d5 5. Bf4 c5 6. dxc5 Qa5 7. e3 dxc4 8. Bxc4 Qxc5 9. Bb3 O-O 10. O-O Nc6 11. Rc1 Qh5 12. Nd5 Bg4 13. Rxc6 bxc6 14. Nxe7+ Kh8 15. Nxc6 Ne4 16. h3 Bxf3 17. Qxf3 Qxf3 18. gxf3 Nd2 19. Rd1 Nxb3 20. axb3 Bxb2 21. Rd7 a5 22. Bd6 Rfc8 23. Nd4 Rd8 24. Be5+ Kg8 25. Rb7 a4 26. Nc6 Bxe5 27. Nxe5 a3 28. Ng4 a2 29. Nh6+ Kg7 30. Nxf7 a1=Q+ 31. Kg2 Ra7 32. Rxa7 Qxa7 33. Ne5 Qb7 34. Ng4 Rf8 35. e4 Qxb3 36. Ne3 Qd3 37. Kg3 h5 38. h4 Rf7 39. Kg2 Qd6 40. Nd5 Qe5 41. Ne3 g5 42. Nf5+ Rxf5 43. exf5 Qxf5 44. hxg5 Qxg5+ 45. Kh3 Qf4 46. Kg2 h4 0-1


[Site "https://www.chess.com"]

[Event "Titled Tuesday Blitz March 07 Early 2023"]
[White "Jiganchine, Roman"]
[Black "Ciuffoletti, Paolo"]
[WhiteFideId "2603667"]
[BlackFideId "807630"]
[WhiteElo "2307"]
[BlackElo "2143"]
[Result "1-0"]
[Round "10"]
[TimeControl "180+2"]
[Date "2023.03.07"]
[WhiteClock "0:00:54"]
[BlackClock "0:00:20"]

1. e4 c5 2. Nf3 Nc6 3. Bb5 e6 4. O-O Nge7 5. Re1 a6 6. Bf1 Ng6 7. c3 Be7 8. d4 cxd4 9. cxd4 d5 10. Nc3 dxe4 11. Nxe4 O-O 12. g3 Bb4 13. Nc3 b5 14. h4 h6 15. h5 Nge7 16. Bg2 Bb7 17. a3 Ba5 18. Bf4 Nf5 19. b4 Bb6 20. d5 exd5 21. Nxd5 Ncd4 22. Nxb6 Nxf3+ 23. Bxf3 Bxf3 24. Qxf3 Qxb6 25. Rad1 Rad8 26. Be5 Rxd1 27. Rxd1 Re8 28. Qxf5 Qb7 1-0


[Site "https://www.chess.com"]

[Event "Titled Tuesday Blitz March 07 Early 2023"]
[White "Zaksaite, Salomeja"]
[Black "Baruch, Liam"]
[WhiteFideId "12801496"]
[BlackFideId "14322064"]
[WhiteElo "2059"]
[BlackElo "2074"]
[Result "0-1"]
[Round "10"]
[TimeControl "180+2"]
[Date "2023.03.07"]
[WhiteClock "0:00:01"]
[BlackClock "0:00:29"]

1. d4 d5 2. Nc3 Nf6 3. Bf4 e6 4. Nb5 Na6 5. e3 c6 6. Nc3 Bd6 7. Bxa6 bxa6 8. Nge2 Rb8 9. b3 Bxf4 10. exf4 Qa5 11. Qd2 c5 12. O-O O-O 13. Rfd1 cxd4 14. Nxd4 Qc7 15. Nce2 Ne4 16. Qe3 Bb7 17. Ng3 Nxg3 18. hxg3 Rbc8 19. Re1 Qc3 20. Rad1 Rfe8 21. f5 Qxe3 22. Rxe3 e5 23. Nf3 f6 24. Rd2 d4 25. Re1 Rc7 26. g4 Bxf3 0-1


[Site "https://www.chess.com"]

[Event "Titled Tuesday Blitz March 07 Early 2023"]
[White "Biriukov, Ilja"]
[Black "Filgueira, Hernan"]
[WhiteFideId "4113373"]
[BlackFideId "101770"]
[WhiteElo "2426"]
[BlackElo "2363"]
[Result "0-1"]
[Round "10"]
[TimeControl "180+2"]
[Date "2023.03.07"]
[WhiteClock "0:00:02"]
[BlackClock "0:00:41"]

1. c4 e5 2. Nc3 Nf6 3. d3 Bb4 4. g3 d5 5. cxd5 Qxd5 6. Nf3 e4 7. dxe4 Qxd1+ 8. Kxd1 Bxc3 9. bxc3 Nxe4 10. Ke1 O-O 11. Bb2 Nd6 12. e3 Be6 13. Nd4 Bc4 14. Rb1 c5 15. Nb3 b6 16. Bg2 Na6 17. Bxa8 Rxa8 18. Nd2 Bd3 19. Ra1 c4 20. Ba3 Nb5 21. Bb2 Nc5 22. a4 Nc7 23. f3 f5 24. Kf2 Bc2 25. Nxc4 Bb3 26. Nd2 Bxa4 27. Ba3 N5e6 28. Bb4 Bc6 29. e4 f4 30. Rhe1 a5 31. Bd6 fxg3+ 32. hxg3 Na6 33. Nc4 Nac5 34. Nxb6 Ra6 35. Bxc5 Nxc5 36. Nc4 Nd3+ 37. Ke2 Nxe1 38. Kxe1 a4 39. Ke2 Bb5 40. Kd3 Rc6 41. Kd4 Rxc4+ 42. Kd5 Rxc3 43. e5 Rd3+ 44. Kc5 Be8 45. f4 g6 46. g4 Rf3 47. f5 gxf5 48. gxf5 Rxf5 49. Kd6 Rf7 50. e6 Ra7 51. Ra3 Kg7 52. Ke5 Bg6 53. Kd6 h5 54. e7 Ra8 0-1


[Site "https://www.chess.com"]

[Event "Titled Tuesday Blitz March 07 Early 2023"]
[White "Comas Fabrego, Lluis"]
[Black "Kukula, Pawel"]
[WhiteFideId "2200325"]
[BlackFideId "1115081"]
[WhiteElo "2523"]
[BlackElo "2012"]
[Result "1-0"]
[Round "10"]
[TimeControl "180+2"]
[Date "2023.03.07"]
[WhiteClock "0:00:10"]
[BlackClock "0:00:16"]

1. Nf3 d5 2. d4 Nf6 3. c4 c6 4. cxd5 cxd5 5. Nc3 a6 6. Bf4 Nc6 7. e3 Bg4 8. Be2 e6 9. O-O Be7 10. Ne1 Bf5 11. Bd3 Bg6 12. h3 Bd6 13. Bxd6 Qxd6 14. Rc1 O-O 15. Bxg6 hxg6 16. Nd3 Nd7 17. Na4 b5 18. Nac5 Nxc5 19. Rxc5 Rfc8 20. Qd2 Ne7 21. Rfc1 Rxc5 22. Rxc5 Rc8 23. Qa5 f6 24. Rxc8+ Nxc8 25. Nc5 Qb6 26. Qxb6 Nxb6 27. b3 a5 28. Nxe6 a4 29. Nc7 axb3 30. axb3 b4 31. Na6 Nc4 32. Nxb4 Nd2 33. Nxd5 Nxb3 34. Nc3 Kf7 35. Kf1 g5 36. Ke2 Ke6 37. Ne4 Kd5 38. Nc5 Na5 39. Kd3 Nc6 40. e4+ Kd6 41. Na6 Na5 42. g3 Nb3 43. f4 Nc1+ 44. Ke3 gxf4+ 45. gxf4 Nb3 46. Nb4 Na5 47. e5+ fxe5 48. fxe5+ Ke6 49. Ke4 Nc4 50. d5+ Ke7 51. Nc6+ Kd7 52. Nd4 Nd2+ 53. Kf5 Nc4 54. Nb5 Ne3+ 55. Ke4 Nc4 56. e6+ Ke7 57. Kd4 Nd2 58. Nc3 Nf3+ 59. Ke4 Nd2+ 60. Ke5 Nc4+ 61. Kd4 Nd2 62. Ne4 Nf3+ 63. Ke3 Ne5 64. h4 g6 65. Kd4 Nf3+ 66. Kc5 Nxh4 67. Ng5 Nf5 68. Nf7 Kf6 69. Kc6 Ne7+ 70. Kd6 Nf5+ 71. Kc5 g5 72. Nh6 Ke7 73. Nxf5+ Kf6 74. Ng3 Ke5 75. Kc6 Kf4 76. d6 Kxg3 77. d7 Kh2 78. d8=Q g4 79. e7 g3 80. e8=Q g2 81. Qh8+ Kg1 82. Qdg8 Kf2 83. Qf6+ Kg1 84. Qfg5 Kh2 85. Qxg2# 1-0


[Site "https://www.chess.com"]